 Dungeon Crawl Stone Soup version 0.31-a0-355-g57cb03d3e8 (webtiles) character file.

Game seed: 17561385303290600934

308295 zazu2006 the Luminary of Lethal Lore (level 21, -4/116 HPs)
             Began as a Gnoll Wanderer on July 23, 2023.
             Was the Champion of Vehumet.
             Slain by a white very ugly thing (12 damage)
             ... on level 5 of the Abyss on July 24, 2023.
             The game lasted 03:59:16 (62054 turns).

zazu2006 the Luminary of Lethal Lore (GnWn)        Turns: 62054, Time: 03:59:16

Health: -4/116     AC: 18    Str: 17    XL:     21   Next: 20%
Magic:  25/36      EV: 19    Int: 13    God:    Vehumet [******]
Gold:   3924       SH: 21    Dex: 17    Spells: 10/49 levels left

rFire   . . .        a - +6 spear
rCold   + + .        b - +2 kite shield
rNeg    . . .        U - +0 acid dragon scales
rPois   .            m - +2 hat
rElec   +            H - +1 cloak
rCorr   +            (no gloves)
SInv    .            D - +2 pair of boots {rampage}
Will    +....        W - amulet of reflection
Stlth   ++++         S - ring of Autumn {Contam rC+ MP+9 Int+3}
HPRegen 0.39/turn    I - ring "Aqihiuc" {rElec rC+ Dex+6 Stlth+}
MPRegen 0.25/turn

%: reflection, rampage
@: slowed, unable to read, unable to drink, very slow
A: fangs 1, strong nose, distributed training, [clumsy 2], [deterioration 2],
[dopey 2], frail 1[+2], [low MP 3], [screaming 2], [no potion heal 2], [subdued
magic 2], [inability to drink after injury 2], [inability to read after injury
2]
}: 2/15 runes: decaying, serpentine
a: Renounce Religion


You were on level 5 of the Abyss.
You worshipped Vehumet.
Vehumet was exalted by your worship.
You visited 7 branches of the dungeon, and saw 34 of its levels.
You visited the Abyss 2 times.
You also visited: Gauntlet.

You collected 6000 gold pieces.
You spent 2076 gold pieces at shops.

Inventory:

Hand Weapons
 a - a +6 spear (weapon)
Missiles
 p - 4 throwing nets (quivered)
Armour
 b - a +2 kite shield (worn)
 m - a +2 hat (worn)
 D - a +2 pair of boots of rampaging (worn)
 H - a +1 cloak (worn)
 U - +0 acid dragon scales (worn)
Jewellery
 u - the ring "Parorhen" {rPois Str+3 Int+3 Slay+4 Stlth+}
   (You bought it in a shop on level 1 of the Orcish Mines)

   [ring of slaying]

   Str:       It affects your strength (+3).
   Int:       It affects your intelligence (+3).
   Slay:      It affects your accuracy & damage with ranged weapons and melee
   (+4).
   rPois:     It protects you from poison.
   Stlth:     It makes you more stealthy.
 w - a ring of protection from cold
 B - the ring of Loshoca {Will+ Str+3 Int+2 SInv Stlth+}
   (You took it off a deep elf annihilator on level 3 of the Elven Halls)

   [ring of see invisible]

   Str:       It affects your strength (+3).
   Int:       It affects your intelligence (+2).
   SInv:      It lets you see invisible.
   Will:      It increases your willpower.
   Stlth:     It makes you more stealthy.
 I - the ring "Aqihiuc" (right hand) {rElec rC+ Dex+6 Stlth+}
   (You found it on level 15 of the Dungeon)

   [ring of dexterity]

   Dex:       It affects your dexterity (+6).
   rC:        It protects you from cold.
   rElec:     It insulates you from electricity.
   Stlth:     It makes you more stealthy.
 M - the ring "Cedis" {Fly rF+ SInv}
   (You took it off a deep elf sorcerer on level 3 of the Elven Halls)

   [ring of flight]

   rF:        It protects you from fire.
   SInv:      It lets you see invisible.
   Fly:       It grants you flight.
 S - the ring of Autumn (left hand) {Contam rC+ MP+9 Int+3}
   (You bought it in a shop on level 9 of the Dungeon)

   [ring of magical power]

   Int:       It affects your intelligence (+3).
   rC:        It protects you from cold.
   MP:        It affects your magic capacity (+9).
   Contam:    It causes magical contamination when unequipped.
 W - an amulet of reflection (around neck)
Wands
 e - a wand of acid (11)
 f - a wand of polymorph (11)
 j - a wand of iceblast (42)
 t - a wand of flame (36)
 K - a wand of mindburst (44)
 O - a wand of charming (56)
 Z - a wand of digging (19)
Scrolls
 d - 12 scrolls of fog
 g - 9 scrolls of teleportation
 h - a scroll of brand weapon
 i - 2 scrolls of summoning
 r - 4 scrolls of revelation
 x - a scroll of fear
 y - 2 scrolls of identify
 J - 6 scrolls of noise
 R - a scroll of blinking
Potions
 k - 2 potions of haste
 l - 2 potions of brilliance
 n - 5 potions of mutation
 q - a potion of resistance
 s - 2 potions of cancellation
 v - 5 potions of attraction
 z - 5 potions of magic
 A - 5 potions of enlightenment
 C - 3 potions of might
 F - 8 potions of lignification
 G - a potion of berserk rage
 Q - 3 potions of ambrosia
 Y - a potion of invisibility
Miscellaneous
 c - a phial of floods (inert)
 o - a condenser vane
 T - a piece from Xom's chessboard (15/15)


   Skills:
 + Level 14.7 Fighting
 + Level 14.5 Short Blades
 + Level 14.5 Long Blades
 + Level 14.5 Axes
 + Level 14.5 Maces & Flails
 + Level 14.5 Polearms
 + Level 14.5 Staves
 + Level 14.5 Ranged Weapons
 + Level 14.7 Throwing
 + Level 14.7 Armour
 + Level 14.7 Dodging
 + Level 15.5 Stealth
 + Level 14.5 Shields
 + Level 14.5 Unarmed Combat
 + Level 14.7 Spellcasting
 + Level 12.3 Conjurations
 + Level 12.3 Hexes
 + Level 12.3 Summonings
 + Level 12.3 Necromancy
 + Level 12.3 Translocations
 + Level 12.3 Transmutations
 + Level 12.3 Fire Magic
 + Level 12.3 Ice Magic
 + Level 12.9 Air Magic
 + Level 12.3 Earth Magic
 + Level 12.3 Poison Magic
 + Level 15.7 Invocations
 + Level 14.5 Evocations
 + Level 12.3 Shapeshifting


You had 10 spell levels left.
You knew the following spells:

 Your Spells              Type           Power      Damage    Failure   Level
a - Foxfire               Conj/Fire      100%       2x1d9     0%          1
b - Blink                 Tloc           52%        N/A       1%          2
c - Sticky Flame          Conj/Fire      26%        2d5       1%          4
d - Orb of Destruction    Conj           13%        9d7       16%         7
e - Ozocubu's Refrigerat  Ice            13%        4d10      16%         7
f - Freezing Cloud        Conj/Ice/Air   13%        6-21      1%          5
g - Olgreb's Toxic Radia  Pois           26%        N/A       1%          4
h - Leda's Unmaking       Conj/Erth      13%        9d3       2%          6
i - Mephitic Cloud        Conj/Pois/Air  26%        N/A       1%          3

Your spell library contained the following spells:

 Spells                   Type           Power      Damage    Failure   Level
 Chain Lightning          Conj/Air       13%        3d17      100%        9
 Polar Vortex             Ice            13%        12d1*     100%        9
 Shatter                  Erth           13%        3d13*     100%        9
 Freeze                   Ice            100%       1d10      0%          1
 Magic Dart               Conj           100%       1d8       0%          1
 Necrotise                Necr           100%       1d9       1%          1
 Slow                     Hex            100%       N/A       1%          1
 Sting                    Tmut/Pois      100%       1d8       1%          1
 Cigotuvi's Dreadful Rot  Necr/Pois/Air  52%        N/A       1%          2
 Lesser Beckoning         Tloc           52%        N/A       1%          2
 Poisonous Vapours        Pois/Air       52%        N/A       1%          2
 Searing Ray              Conj           52%        2d6       1%          2
 Sublimation of Blood     Necr           26%        N/A       1%          2
 Wereblood                Tmut           26%        N/A       1%          2
 Dazzling Flash           Conj/Hex       52%        N/A       1%          3
 Frozen Ramparts          Ice            52%        1d8       1%          3
 Gell's Gravitas          Tloc           26%        N/A       1%          3
 Hailstorm                Conj/Ice       26%        3d7       1%          3
 Ignite Poison            Fire/Tmut/Pois 26%        N/A       1%          3
 Inner Flame              Hex/Fire       26%        N/A       1%          3
 Ozocubu's Armour         Ice            26%        N/A       1%          3
 Summon Guardian Golem    Hex/Summ       26%        N/A       1%          3
 Teleport Other           Tloc           26%        N/A       1%          3
 Vampiric Draining        Necr           26%        2d7       1%          3
 Vhi's Electric Charge    Tloc/Air       52%        N/A       1%          3
 Volatile Blastmotes      Fire/Tloc      52%        2d14      1%          3
 Flame Wave               Conj/Fire      26%        2d8       1%          4
 Fulminant Prism          Conj/Hex       13%        3d8       1%          4
 Iskenderun's Mystic Bla  Conj/Tloc      26%        2d7       1%          4
 Leda's Liquefaction      Hex/Erth       13%        N/A       1%          4
 Manifold Assault         Tloc           26%        N/A       1%          4
 Agony                    Necr           26%        N/A       1%          5
 Arcjolt                  Conj/Air       13%        1d23      1%          5
 Fireball                 Conj/Fire      13%        3d7       1%          5
 Irradiate                Conj/Tmut      13%        3d16      1%          5
 Iskenderun's Battlesphe  Conj           26%        2d8       1%          5
 Lee's Rapid Deconstruct  Erth           13%        3d9*      1%          5
 Silence                  Hex/Air        13%        N/A       1%          5
 Summon Mana Viper        Hex/Summ       26%        N/A       1%          5
 Yara's Violent Unravell  Hex/Tmut       13%        3d7       1%          5
 Conjure Ball Lightning   Conj/Air       13%        3x3d6     2%          6
 Plasma Beam              Fire/Air       13%        2x1d24    2%          6
 Dispersal                Tloc           13%        N/A       10%         6
 Simulacrum               Ice/Necr       13%        N/A       10%         6
 Spellforged Servitor     Conj/Summ      13%        N/A       16%         7
 Enfeeble                 Hex            13%        N/A       52%         7
 Summon Hydra             Summ           13%        N/A       52%         7
 Ignition                 Fire           13%        3d6       75%         8
 Discord                  Hex            13%        N/A       99%         8
 Disjunction              Tloc           13%        N/A       99%         8


Dungeon Overview and Level Annotations

Branches:
Dungeon (15/15)            Temple (0/1) D:4            Lair (5/5) D:11
  Swamp (4/4) Lair:3        Snake (4/4) Lair:2        Slime (0/5) Lair:5
    Orc (2/2) D:10            Elf (3/3) Orc:2        Vaults (0/5) D:13
 Depths (1/4) D:15        Gauntlet (visited)

Altars:
Ashenzari
Elyvilon
Gozag
Hepliaklqana
Makhleb
Nemelex Xobeh
Qazlal
Vehumet
Zin
Lugonu

Shops:
D:9 *   D:13 *   Orc:1 =:::   Orc:2 *([:   Elf:1 =:=   Snake:1 *[*   Depths:1 [

Portals:
Hell: Depths:1
Abyss: Lair:5

Annotations:
D:3 1 transporter, bobarctor's ghost, amateur MiBe
Swamp:1 Roxanne
Swamp:2 2 transporters, bobo's ghost, journeyman OpSh
Snake:4 Vashnia


Innate Abilities, Weirdness & Mutations

You have very sharp teeth.
Your uncanny sense of smell can sniff out nearby items.
Your experience applies equally to all skills.
[You are very clumsy. (Dex -4)]
[Your body often deteriorates upon taking damage.]
[You are very dopey. (Int -4)]
[You are extremely frail. (-30% HP)]
[Your magical capacity is extremely low. (-30% MP)]
[You frequently scream uncontrollably at your foes.]
[Potions cannot restore your health.]
[Your spells are easier to cast, but less powerful.]
[You sometimes lose the ability to drink potions when taking damage.]
[You sometimes lose the ability to read scrolls when taking damage.]


Message History

The white very ugly thing burns!
The white very ugly thing stops burning.
The white very ugly thing basks in the mutagenic energy from its kin and changes!
The white very ugly thing kicks you.
* * * LOW HITPOINT WARNING * * *
The white very ugly thing freezes you! You resist.
You feel threatened and lose the ability to read scrolls!
* * * LOW HITPOINT WARNING * * *
Unknown command.
You cannot read scrolls in your current state!
Okay, then.
Okay, then.
Aim the phial where?
Press: ? - help, Shift-Dir - straight line, f/p - red very ugly thing
Aim: a red very ugly thing (lightly wounded)
The torrent of water hits the red very ugly thing!
The red very ugly thing is moderately wounded.
The red very ugly thing is engulfed in water.
The wave splashes down.
Splash!
You fall into the shallow water.
Moving in this stuff is going to be slow.
The white very ugly thing is engulfed in water.
You hear an angry hiss.
You hear a bark!
You hear a shout! x2
You hear a bark! x2
A wretched star comes into view.
You block the white very ugly thing's attack.
Unknown command.
Unknown command.
The wretched star pulses with an eldritch light!
Your system partially rejects the healing effects of potions.
Your system completely rejects the healing effects of potions.
You occasionally lose the ability to drink potions when taking damage.
You lose the ability to drink potions when taking damage more often.
The red very ugly thing engulfs you but does no damage.
The white very ugly thing kicks you.
* * * LOW HITPOINT WARNING * * *
The white very ugly thing freezes you! You resist.
You feel threatened and lose the ability to drink potions!
You die...

#.## ##
....... #.#
#.....# ...
.....§#
...###.#.§
### . #.#.§*#
....#. #~§§~#
##..#.
#uu~~## ..
... #.#u@~.#
#
....uu###~#.#
.###...u. ##
.....#..#.#
..## ##.##. #
#.. .....
...#.....# ..
..#. .. . #
#. #..#.#
#..#..


You could see 3 very ugly things and a wretched star.

Vanquished Creatures
  Bai Suzhen (Snake:3)
  the Lernaean hydra (Swamp:4)
  Nikola (Swamp:4)
  A tentacled monstrosity (Swamp:3)
  Rupert (Lair:5)
  2 deep elf blademasters (Elf:3)
  2 deep elf master archers (Elf:3)
  Gastronok (Lair:2)
  2 tentacled starspawn (Abyss:2)
  A fire giant (Depths:1)
  2 fenstrider witches
  16 nagarajas (Snake:4)
  5 deep elf sorcerers (Elf:3)
  2 orc warlords
  An angel (Abyss:5)
  3 very ugly things (Depths:1)
  7 deep elf elementalists (Elf:3)
  3 cacodemons
  5 eleionomae
  3 deep elf demonologists (Elf:3)
  A minotaur (Gauntlet)
  7 bunyips
  A starcursed mass (Abyss:5)
  13 deep elf annihilators
  An ettin (Depths:1)
  Snorg (D:10)
  An entropy weaver (shapeshifter) (Lair:5)
  8 deep elf death magi
  A green death (Abyss:5)
  2 deep elf high priests (Elf:3)
  A fire dragon (Depths:1)
  A shambling mangrove (Swamp:3)
  2 salamander tyrants (Snake:4)
  A great orb of eyes (Abyss:5)
  23 hydras
  An ice dragon (Depths:1)
  2 vault guards (D:13)
  A rakshasa (Depths:1)
  An ogre mage (D:15)
  3 centaur warriors
  2 spriggan air magi
  Erolcha (Orc:1)
  11 anacondas
  3 boulder beetles
  6 two-headed ogres
  25 dancing weapons
  Erica (D:8)
  14 naga warriors
  6 alligators
  A vampire mage (D:15)
  5 thrashing horrors
  4 orc high priests
  Urug (D:11)
  14 naga sharpshooters
  Sonja (Lair:1)
  7 deep elf knights
  8 shock serpents
  2 sun demons (Abyss:2)
  10 skeletal warriors
  2 wretched stars (Abyss:5)
  5 salamander mystics
  A skyshark (Lair:4)
  3 sixfirhies (Abyss:2)
  3 goliath frogs
  A golden dragon zombie (Abyss:2)
  8 spriggan druids
  A glowing orange brain (Abyss:2)
  12 bog bodies
  A sea snake (shapeshifter) (Lair:5)
  11 naga ritualists
  An orange crystal statue (D:10)
  9 deep elf archers
  A swamp dragon (shapeshifter) (Lair:5)
  2 wizards
  10 orc knights
  13 swamp dragons
  3 necromancers
  Pikel (D:8)
  An iron dragon zombie (Abyss:5)
  An oklob plant (Gauntlet)
  13 ugly things
  20 deep elf zephyrmancers
  25 deep elf pyromancers
  A wolf spider (shapeshifter) (Abyss:2)
  A stone giant zombie (D:15)
  15 mana vipers
  30 elephants
  A manticore (D:13)
  3 orc sorcerers (Orc:2)
  3 will-o-the-wisps
  6 cyclopes
  39 black mambas
  24 salamanders
  An elephant (shapeshifter) (Lair:5)
  16 naga magi
  5 guardian serpents (Snake:4)
  4 smoke demons
  A torpor snail (Lair:4)
  A black mamba (shapeshifter) (D:15)
  3 gargoyles
  A stone giant skeleton (D:15)
  4 cane toads
  2 unseen horrors
  7 rime drakes
  An unseen horror zombie (D:7)
  A minotaur zombie (Gauntlet)
  2 orange demons (Abyss:5)
  8 komodo dragons
  2 kobold demonologists (D:9)
  2 efreet
  An ancient zyme (Abyss:2)
  A harpy zombie (Abyss:2)
  12 hornets
  5 trolls
  3 freezing wraiths
  A polar bear (Lair:4)
  A queen bee (D:12)
  A meliai (shapeshifter) (D:13)
  A wolf spider simulacrum (D:15)
  7 tyrant leeches
  3 meliai (D:12)
  5 raiju
  A spriggan zombie (D:15)
  30 blink frogs
  A slime creature (shapeshifter) (Lair:5)
  10 slime creatures
  A centaur simulacrum (D:15)
  A vampire (Abyss:2)
  3 large abominations (Lair:5)
  A shadow (D:10)
  10 spriggans
  4 water elementals
  2 air elementals
  4 wraiths
  2 fire elementals
  A human (shapeshifter) (Elf:2)
  5 wyverns
  19 humans
  44 yaks
  Grum (D:10)
  A neqoxec (Abyss:2)
  3 steam dragons
  7 basilisks
  6 vampire mosquitoes
  A chaos spawn (Lair:5)
  A two-headed ogre zombie (D:10)
  12 swamp worms
  44 nagas
  5 acid dragons
  3 wargs (Orc:1)
  8 water moccasins
  34 orc warriors
  7 swamp drakes (Swamp:4)
  A hornet zombie (D:7)
  5 ice beasts
  3 sky beasts (D:7)
  12 ogres
  20 small abominations
  30 wolves
  3 phantoms
  12 centaurs
  A lemure (D:8)
  4 kobold brigands
  2 gnoll sergeants
  15 bullfrogs
  3 scorpions
  2 wyvern zombies (D:7)
  7 wights (D:7)
  2 troll zombies (D:10)
  14 killer bees
  A tengu skeleton (D:15)
  7 howler monkeys
  3 electric eels
  A crimson imp (D:3)
  2 centaur zombies (D:7)
  A lava snake (Lair:3)
  A quasit (Abyss:2)
  A bullfrog zombie (D:7)
  21 orc priests
  A gnoll bouda (D:4)
  6 hounds
  3 jellies
  2 sleepcaps (D:7)
  2 iguanas (D:4)
  28 orc wizards
  3 killer bee zombies (D:7)
  5 ogre zombies (D:10)
  20 gnolls
  14 adders
  2 white imps
  3 ufetubi
  4 worms
  3 dart slugs
  72 orcs
  4 endoplasms
  5 goblins
  3 hobgoblins
  2 quokkas
  6 ball pythons
  5 bats
  4 frilled lizards
  A goblin skeleton (D:10)
  2 goblin zombies (D:10)
  3 hobgoblin skeletons (D:10)
  3 hobgoblin zombies (D:10)
  20 kobolds
  2 orc skeletons (D:10)
  14 orc zombies (D:10)
  4 rats
  A starspawn tentacle (Abyss:2)
1320 creatures vanquished.

Vanquished Creatures (collateral kills)
  A nagaraja (Snake:4)
  A naga warrior (Snake:4)
  A salamander mystic (Snake:4)
  A naga (Snake:4)
4 creatures vanquished.

Vanquished Creatures (others)
  A deep elf death mage (Elf:3)
  A will-o-the-wisp (Swamp:2)
  A hornet (Swamp:2)
  3 bloated husks
  A small abomination (Abyss:5)
  2 spriggans (Swamp:2)
  4 golden eyes (Abyss:2)
  A swamp worm (Swamp:2)
  A centaur (D:11)
  868 foxfires
  A lurking horror (Abyss:5)
  3 starspawn tentacles (Abyss:2)
887 creatures vanquished.

Grand Total: 2211 creatures vanquished

Notes
Turn   | Place    | Note
-------+----------+-------------------------------------------
     0 | D:1      | zazu2006 the Gnoll Wanderer began the quest for the Orb.
     0 | D:1      | zazu2006 set off with the following items: a +0 dagger, an
                  | atropa-tipped dart, a datura-tipped dart, 2 scrolls of fog,
                  | a +0 robe; and the following spells available to memorise:
                  | Poisonous Vapours, Cigotuvi's Dreadful Rot.
     0 | D:1      | Reached XP level 1. HP: 17/17 MP: 4/4
   102 | D:1      | Found a faded altar of an unknown god.
   506 | D:1      | Reached XP level 2. HP: 19/23 MP: 5/5
   514 | D:1      | Learned a level 2 spell: Poisonous Vapours
  1323 | D:2      | Reached XP level 3. HP: 28/28 MP: 1/7
  1544 | D:2      | Reached skill level 1 in Invocations
  1725 | D:2      | Reached skill level 1 in Short Blades
  1725 | D:2      | Reached skill level 1 in Long Blades
  1725 | D:2      | Reached skill level 1 in Axes
  1725 | D:2      | Reached skill level 1 in Maces & Flails
  1725 | D:2      | Reached skill level 1 in Polearms
  1725 | D:2      | Reached skill level 1 in Staves
  1725 | D:2      | Reached skill level 1 in Ranged Weapons
  1725 | D:2      | Reached skill level 1 in Shields
  1725 | D:2      | Reached skill level 1 in Unarmed Combat
  1725 | D:2      | Reached skill level 1 in Evocations
  1781 | D:2      | Reached XP level 4. HP: 34/34 MP: 3/8
  2116 | D:3      | Reached skill level 1 in Conjurations
  2116 | D:3      | Reached skill level 1 in Hexes
  2116 | D:3      | Reached skill level 1 in Summonings
  2116 | D:3      | Reached skill level 1 in Necromancy
  2116 | D:3      | Reached skill level 1 in Translocations
  2116 | D:3      | Reached skill level 1 in Transmutations
  2116 | D:3      | Reached skill level 1 in Fire Magic
  2116 | D:3      | Reached skill level 1 in Ice Magic
  2116 | D:3      | Reached skill level 1 in Earth Magic
  2116 | D:3      | Reached skill level 1 in Poison Magic
  2116 | D:3      | Reached skill level 1 in Shapeshifting
  2398 | D:3      | Reached XP level 5. HP: 40/40 MP: 4/9
  2683 | D:3      | Identified the +8 dire flail "Xuradgh" {spect, Dex+4}
  2683 | D:3      | Noticed an ogre
  2683 | D:3      | Noticed bobarctor's ghost (amateur MiBe)
  2773 | D:3      | Found a radiant altar of Vehumet.
  2793 | D:3      | Found a burning altar of Makhleb.
  2799 | D:3      | Became a worshipper of Vehumet
  3168 | D:3      | Found a transporter.
  3175 | D:3      | Noticed an ogre
  3624 | D:4      | Reached XP level 6. HP: 47/47 MP: 5/10
  4349 | D:4      | Reached * piety under Vehumet
  4349 | D:4      | Offered knowledge of Foxfire by Vehumet.
  4350 | D:4      | Reached XP level 7. HP: 25/52 MP: 2/12
  4605 | D:3      | Learned a level 1 spell: Foxfire
  5096 | D:4      | Found a staircase to the Ecumenical Temple.
  5143 | D:5      | Entered Level 5 of the Dungeon
  5537 | D:5      | Reached XP level 8. HP: 60/60 MP: 0/14
  5623 | D:5      | Found a sparkling altar of Nemelex Xobeh.
  5623 | D:5      | Found a broken altar of Ashenzari.
  6564 | D:6      | Offered knowledge of Kiss of Death by Vehumet.
  6565 | D:6      | Reached ** piety under Vehumet
  6749 | D:6      | Found a hazy altar of Hepliaklqana.
  7884 | D:7      | Reached skill level 5 in Air Magic
  7884 | D:7      | Reached XP level 9. HP: 66/66 MP: 7/16
  8145 | D:7      | Reached skill level 5 in Spellcasting
  8346 | D:7      | Reached skill level 5 in Fighting
  8346 | D:7      | Reached skill level 5 in Throwing
  8346 | D:7      | Reached skill level 5 in Armour
  8346 | D:7      | Reached skill level 5 in Dodging
  8668 | D:7      | Offered knowledge of Inner Flame by Vehumet.
  8691 | D:7      | Reached skill level 5 in Invocations
  9257 | D:7      | Reached *** piety under Vehumet
  9373 | D:7      | Reached skill level 5 in Short Blades
  9373 | D:7      | Reached skill level 5 in Long Blades
  9373 | D:7      | Reached skill level 5 in Axes
  9373 | D:7      | Reached skill level 5 in Maces & Flails
  9373 | D:7      | Reached skill level 5 in Polearms
  9373 | D:7      | Reached skill level 5 in Staves
  9373 | D:7      | Reached skill level 5 in Ranged Weapons
  9373 | D:7      | Reached skill level 5 in Shields
  9373 | D:7      | Reached skill level 5 in Unarmed Combat
  9373 | D:7      | Reached skill level 5 in Evocations
  9373 | D:7      | Reached XP level 10. HP: 42/76 MP: 15/18
 10354 | D:8      | Noticed Erica
 10358 | D:8      | Killed Erica
 10405 | D:8      | Noticed Pikel
 10428 | D:8      | Learned a level 4 spell: Olgreb's Toxic Radiance
 10467 | D:8      | Killed Pikel
 10789 | D:9      | Found an opulent altar of Gozag.
 10838 | D:9      | Noticed a kobold demonologist
 10839 | D:9      | Noticed a kobold demonologist
 10845 | D:9      | Killed a kobold demonologist
 10849 | D:9      | Killed a kobold demonologist
 11133 | D:9      | Offered knowledge of Volatile Blastmotes by Vehumet.
 11152 | D:9      | Reached XP level 11. HP: 64/83 MP: 14/20
 11349 | D:9      | Found Kerhup's General Store.
 11363 | D:9      | Reached skill level 5 in Conjurations
 11363 | D:9      | Reached skill level 5 in Hexes
 11363 | D:9      | Reached skill level 5 in Summonings
 11363 | D:9      | Reached skill level 5 in Necromancy
 11363 | D:9      | Reached skill level 5 in Translocations
 11363 | D:9      | Reached skill level 5 in Transmutations
 11363 | D:9      | Reached skill level 5 in Fire Magic
 11363 | D:9      | Reached skill level 5 in Ice Magic
 11363 | D:9      | Reached skill level 5 in Earth Magic
 11363 | D:9      | Reached skill level 5 in Poison Magic
 11363 | D:9      | Reached skill level 5 in Shapeshifting
 11549 | D:9      | Bought a scroll of noise for 15 gold pieces
 11549 | D:9      | Bought a scroll of teleportation for 45 gold pieces
 11549 | D:9      | Bought the ring of Autumn {Contam rC+ MP+9 Int+3} for 520
                  | gold pieces
 11682 | D:9      | Found a glowing silver altar of Zin.
 11807 | D:10     | Entered Level 10 of the Dungeon
 11844 | D:10     | Noticed Snorg
 11999 | D:10     | Noticed Grum
 12015 | D:10     | Killed Grum
 12020 | D:10     | Reached **** piety under Vehumet
 12331 | D:10     | Noticed an orange crystal statue
 12432 | D:10     | Found a stormy altar of Qazlal.
 12702 | D:10     | Offered knowledge of Irradiate by Vehumet.
 12987 | D:10     | Found a staircase to the Orcish Mines.
 13143 | D:10     | Killed Snorg
 13543 | D:10     | Found a white marble altar of Elyvilon.
 14241 | Orc:1    | Entered Level 1 of the Orcish Mines
 14241 | Orc:1    | Found Botad's Book Shop.
 14467 | Orc:1    | Found Opsuul's Book Boutique.
 14626 | Orc:2    | Entered Level 2 of the Orcish Mines
 14643 | Orc:2    | Reached ***** piety under Vehumet
 14645 | Orc:2    | Noticed a cyclops
 14941 | D:11     | Noticed Urug
 14990 | D:11     | Noticed a cyclops
 14998 | D:11     | Killed a cyclops
 15126 | D:11     | Offered knowledge of Orb of Destruction by Vehumet.
 15357 | D:11     | Learned a level 7 spell: Orb of Destruction
 15444 | Orc:2    | Killed a cyclops
 15516 | Orc:2    | Noticed an orc high priest
 15617 | Orc:2    | Noticed an orc knight
 15623 | Orc:2    | Found a staircase to the Elven Halls.
 15664 | Orc:1    | Killed an orc knight
 15665 | Orc:1    | Reached XP level 12. HP: 10/91 MP: 23/23
 16083 | Orc:2    | Killed an orc high priest
 16434 | Orc:2    | Noticed an orc warlord
 17050 | D:11     | Found a staircase to the Lair.
 17539 | D:11     | Killed Urug
 17847 | Lair:1   | Entered Level 1 of the Lair of Beasts
 17967 | Lair:1   | Noticed Sonja
 17976 | Lair:1   | Killed Sonja
 18185 | Lair:1   | Reached skill level 10 in Stealth
 18546 | Lair:1   | Reached XP level 13. HP: 73/99 MP: 25/25
 18652 | Lair:1   | Identified the +7 dagger "Riqimaus" {venom, Str+5 SInv}
 18886 | Lair:1   | Found a transporter.
 18887 | Lair:1   | Found a transporter.
 19327 | Lair:1   | Learned a level 4 spell: Sticky Flame
 19376 | Lair:2   | Offered knowledge of Freezing Cloud by Vehumet.
 19383 | Lair:2   | Learned a level 5 spell: Freezing Cloud
 19783 | Lair:2   | Noticed Gastronok
 19829 | Lair:2   | Killed Gastronok
 20273 | Lair:2   | Found a staircase to the Snake Pit.
 21464 | Lair:3   | Found a staircase to the Swamp.
 21950 | Lair:3   | Reached XP level 14. HP: 108/108 MP: 27/27
 22633 | Lair:4   | Reached skill level 10 in Invocations
 22646 | Lair:4   | Offered knowledge of Ozocubu's Refrigeration by Vehumet.
 22914 | Lair:4   | Learned a level 7 spell: Ozocubu's Refrigeration
 23374 | Lair:5   | Entered Level 5 of the Lair of Beasts
 23609 | Lair:5   | Found a staircase to the Slime Pits.
 24235 | Lair:4   | Reached skill level 10 in Spellcasting
 24705 | Lair:5   | Reached skill level 10 in Fighting
 24705 | Lair:5   | Reached skill level 10 in Throwing
 24705 | Lair:5   | Reached skill level 10 in Armour
 24705 | Lair:5   | Reached skill level 10 in Dodging
 24735 | Lair:5   | Noticed Rupert
 25358 | D:12     | Found a gate leading to a gauntlet.
 25380 | Gauntlet | Entered a Gauntlet
 25380 | Gauntlet | Found a transporter.
 25433 | Gauntlet | Found a transporter.
 25433 | Gauntlet | Found a transporter.
 25434 | Gauntlet | Found a transporter.
 25442 | Gauntlet | Found a transporter.
 25445 | Gauntlet | Found a transporter.
 25446 | Gauntlet | Found a transporter.
 25455 | Gauntlet | Found a transporter.
 25458 | Gauntlet | Found a transporter.
 25459 | Gauntlet | Found a transporter.
 25465 | Gauntlet | Found a runed translucent gate.
 25465 | Gauntlet | Found a runed translucent gate.
 25466 | Gauntlet | Found a runed translucent gate.
 25467 | Gauntlet | Found a transporter.
 25470 | Gauntlet | Found a transporter.
 25471 | Gauntlet | Found a transporter.
 25477 | Gauntlet | Noticed a quicksilver ooze
 25479 | Gauntlet | Found a transporter.
 26171 | D:12     | Offered knowledge of Plasma Beam by Vehumet.
 27092 | Lair:1   | Upgraded the game from 0.31-a0-354-g827e0957a7 to
                  | 0.31-a0-355-g57cb03d3e8
 27164 | Lair:5   | Reached XP level 15. HP: 105/115 MP: 29/29
 27249 | Lair:5   | Paralysed by Rupert for 2 turns
 27256 | Lair:5   | Killed Rupert
 27450 | Lair:5   | Reached skill level 10 in Short Blades
 27450 | Lair:5   | Reached skill level 10 in Long Blades
 27450 | Lair:5   | Reached skill level 10 in Axes
 27450 | Lair:5   | Reached skill level 10 in Maces & Flails
 27450 | Lair:5   | Reached skill level 10 in Polearms
 27450 | Lair:5   | Reached skill level 10 in Staves
 27450 | Lair:5   | Reached skill level 10 in Ranged Weapons
 27450 | Lair:5   | Reached skill level 10 in Shields
 27450 | Lair:5   | Reached skill level 10 in Unarmed Combat
 27450 | Lair:5   | Reached skill level 10 in Evocations
 29106 | Lair:5   | Found a corrupted altar of Lugonu.
 29106 | Lair:5   | Found a one-way gate to the infinite horrors of the Abyss.
 29145 | Lair:5   | Identified the staff of Devotion {*Corrode Will++ Conj
                  | Hexes Tmut}
 29549 | Orc:1    | Killed an orc warlord
 29884 | Orc:1    | Learned a level 2 spell: Blink
 30294 | Orc:2    | Found Ykla Ele's Antique Weapon Shop.
 30302 | Orc:2    | Found Muitoubb's General Store.
 30350 | Orc:2    | Found Asufuf's Antique Armour Shop.
 30492 | Orc:2    | Bought a scroll of identify for 24 gold pieces
 30754 | Orc:2    | Found Olapn's Book Shop.
 30930 | Orc:1    | Noticed Erolcha
 30940 | Orc:1    | Found Anen Fyr's Jewellery Emporium.
 30947 | Orc:1    | Killed Erolcha
 31210 | Orc:1    | Found Reale's Book Shop.
 31276 | Orc:1    | Bought the ring "Parorhen" {rPois Str+3 Int+3 Slay+4
                  | Stlth+} for 1444 gold pieces
 31696 | D:13     | Offered knowledge of Starburst by Vehumet.
 31783 | D:13     | Found Pysev's General Store.
 33413 | D:13     | Bought a scroll of identify for 28 gold pieces
 33447 | D:13     | Found a gate to the Vaults.
 33954 | D:14     | Reached XP level 16. HP: 125/125 MP: 31/31
 34738 | D:14     | Reached skill level 10 in Air Magic
 35104 | D:14     | You fall into a shaft and drop 1 floor!
 35104 | D:15     | Entered Level 15 of the Dungeon
 35891 | D:15     | Found a staircase to the Depths.
 36372 | D:14     | Identified the +9 ring mail of Juhotauw {Str+7 Dex-3}
 36964 | D:15     | Identified the ring "Aqihiuc" {rElec rC+ Dex+6 Stlth+}
 37568 | Snake:1  | Entered Level 1 of the Snake Pit
 37568 | Snake:1  | You fall into a shaft and drop 1 floor!
 37590 | Snake:2  | Identified the +2 robe of Teib {rCorr}
 38205 | Snake:2  | Offered knowledge of Arcjolt by Vehumet.
 38830 | Snake:2  | Reached XP level 17. HP: 90/133 MP: 27/32
 39770 | Snake:1  | Found Iqirrext's Assorted Antiques.
 39774 | Snake:1  | Found Xidurch's Antique Armour Boutique.
 39775 | Snake:1  | Found Xaexzucy's Assorted Antiques.
 40594 | Snake:3  | Identified the +0 ring mail of Rail Cypt {rF+ rC++}
 40602 | Snake:3  | Reached skill level 10 in Conjurations
 40602 | Snake:3  | Reached skill level 10 in Hexes
 40602 | Snake:3  | Reached skill level 10 in Summonings
 40602 | Snake:3  | Reached skill level 10 in Necromancy
 40602 | Snake:3  | Reached skill level 10 in Translocations
 40602 | Snake:3  | Reached skill level 10 in Transmutations
 40602 | Snake:3  | Reached skill level 10 in Fire Magic
 40602 | Snake:3  | Reached skill level 10 in Ice Magic
 40602 | Snake:3  | Reached skill level 10 in Earth Magic
 40602 | Snake:3  | Reached skill level 10 in Poison Magic
 40602 | Snake:3  | Reached skill level 10 in Shapeshifting
 41623 | Snake:3  | Reached ****** piety under Vehumet
 42027 | Snake:4  | Entered Level 4 of the Snake Pit
 42044 | Snake:4  | Offered knowledge of Lehudib's Crystal Spear by Vehumet.
 42301 | Snake:4  | Noticed Bai Suzhen
 42338 | Snake:3  | Killed Bai Suzhen
 43195 | Snake:4  | Reached XP level 18. HP: 38/141 MP: 25/34
 44469 | Snake:4  | Noticed Vashnia
 45834 | Snake:4  | Got a serpentine rune of Zot
 46246 | Swamp:1  | Entered Level 1 of the Swamp
 46572 | Swamp:1  | Noticed Roxanne
 46581 | Swamp:1  | Learned a level 6 spell: Leda's Unmaking
 47054 | Swamp:2  | Noticed bobo's ghost (journeyman OpSh)
 47054 | Swamp:2  | Found a transporter.
 47054 | Swamp:2  | Found a transporter.
 48180 | Swamp:3  | Offered knowledge of Shatter by Vehumet.
 48180 | Swamp:3  | Offered knowledge of Chain Lightning by Vehumet.
 48180 | Swamp:3  | Offered knowledge of Polar Vortex by Vehumet.
 48514 | Swamp:3  | Noticed a tentacled monstrosity
 48540 | Swamp:3  | Killed a tentacled monstrosity
 48847 | Swamp:3  | Reached XP level 19. HP: 149/149 MP: 36/36
 49234 | Swamp:4  | Entered Level 4 of the Swamp
 50405 | Swamp:4  | Noticed Nikola
 50673 | Swamp:4  | Killed Nikola
 51002 | Swamp:4  | Noticed the 27-headed Lernaean hydra
 51017 | Swamp:4  | Paralysed by a fenstrider witch for 4 turns
 51712 | Swamp:4  | Killed the 27-headed Lernaean hydra
 51795 | Swamp:4  | Got a decaying rune of Zot
 52003 | Elf:1    | Entered Level 1 of the Elven Halls
 52365 | Elf:1    | Got Vucye's Discourse on the Barrage
 52370 | Elf:1    | Learned a level 3 spell: Mephitic Cloud
 52755 | Elf:1    | Found Soahup's Jewellery Shop.
 52758 | Elf:1    | Found Doseem's Book Emporium.
 52759 | Elf:1    | Found Qunwugh's Jewellery Shop.
 52899 | Elf:1    | You fall into a shaft and drop 1 floor!
 52899 | Elf:2    | Found a huge runed translucent gate.
 52899 | Elf:2    | Found a huge runed translucent gate.
 52900 | Elf:2    | Found a huge runed translucent gate.
 52902 | Elf:2    | Found a huge runed translucent gate.
 52902 | Elf:2    | Found a huge runed translucent gate.
 53440 | Elf:2    | Paralysed by an air elemental for 1 turns
 53446 | Elf:2    | Paralysed by an air elemental for 1 turns
 54322 | Elf:2    | Reached XP level 20. HP: 103/158 MP: 35/37
 54621 | Elf:3    | Entered Level 3 of the Elven Halls
 55360 | Elf:3    | Reached skill level 15 in Invocations
 55576 | Elf:3    | Reached skill level 15 in Stealth
 55973 | Elf:3    | Identified the +7 longbow of Reinforcement {antimagic, rC+}
 55973 | Elf:3    | Identified the ring "Dotiteap" {AC+4 Str+7}
 55974 | Elf:3    | Identified the +4 falchion of Usaleciq {pain, rElec SInv}
 55974 | Elf:3    | Identified the ring "Canoecao" {rF+ rN+ Dex+2 Slay-5}
 56950 | Elf:3    | Identified the ring of Loshoca {Will+ Str+3 Int+2 SInv
                  | Stlth+}
 56951 | Elf:3    | Identified the ring "Cedis" {Fly rF+ SInv}
 57259 | Elf:3    | Identified the staff "Demonslayer" {rF+ rC++ rN++ Int-2
                  | Fire Earth}
 57618 | Abyss:2  | Cast into level 2 of the Abyss (a deep elf demonologist)
 57820 | Abyss:2  | Found a stormy altar of Qazlal.
 57982 | Abyss:2  | Found a stormy altar of Qazlal.
 58150 | Abyss:2  | Found a stormy altar of Qazlal.
 58424 | Abyss:5  | Found a corrupted altar of Lugonu.
 58569 | Abyss:5  | Found a corrupted altar of Lugonu.
 58715 | Abyss:5  | Found a corrupted altar of Lugonu.
 58724 | Elf:3    | Escaped the Abyss
 59323 | Elf:3    | Got the Elucidation of Hexing Pyromancy
 59352 | Elf:3    | Identified a scroll of acquirement
 59353 | Elf:3    | Acquired 832 gold pieces
 59368 | Elf:3    | Acquired 398 gold pieces
 59382 | Elf:3    | Identified the +2 cloak of the Stone Wall {-Tele Harm rPois
                  | rN++}
 59392 | Elf:3    | Identified the +1 chain mail of Somewhere Else {rN++ Str+4
                  | Int-3}
 59403 | Elf:3    | Identified the staff of Invincibility {Contam rPois rF+
                  | Stlth- Tmut Fire}
 59408 | Elf:3    | Identified the +0 plate armour of the Blacksmith {rF+}
 60526 | Elf:2    | Reached XP level 21. HP: 166/166 MP: 39/39
 61163 | D:10     | Got Osare's Verses on Ice and the Pyromaniac
 61388 | Depths:1 | Entered Level 1 of the Depths
 61388 | Depths:1 | Found a gateway to Hell.
 61667 | Depths:1 | Found Xiepeudugu's Antique Armour Shop.
 61792 | Abyss:5  | Cast into level 5 of the Abyss (a wizard)
 61796 | Abyss:5  | Found a corrupted altar of Lugonu.
 62012 | Abyss:5  | Gained mutation: [You are frail. (-10% HP)] [a cacodemon]
 62054 | Abyss:5  | Slain by a white very ugly thing

Illustrated notes

Levels and vault maps discovered:
D:1:      dpeg_arrival_long_road, layout_basic,
          shapermc_ecumenical_altar_totnotflames, minmay_pentomino_v4
D:2:      layout_basic, kennysheep_minor_cross, grunt_decor_mini_mirrors,
          minmay_misc_feat_pillars, chequers_serial_rivers_room_a
D:3:      layout_loops_ring, grunt_temple_overflow_lords_of_destruction,
          gammafunk_ghost_smash, st_stairs_5
D:4:      layout_basic, temple_hall, nicolae_grassy_gnolls
D:5:      layout_cave_pools, jmf_multi_god_temple, minmay_fountain_box
D:6:      layout_loops_corners, marbit_many_paths
D:7:      layout_cave_pools, serial_undead, serial_undead_e, serial_undead_d,
          serial_undead_e, serial_undead_f
D:8:      layout_rooms, nicolae_nh_ransacked_shop, uniq_erica, uniq_pikel
D:9:      layout_loops_cross, amcnicky_altar_gilded, zin_treasury, serial_shops,
          kennysheep_mini_moat
D:10:     layout_grid_maze, elyvilon_altar_1, general_overflow_altar,
          zombieorc2_lemuel, minivault_15, uniq_snorg, uniq_grum
D:11:     layout_cave_pods, hellmonk_lair_entry_icy, uniq_urug
D:12:     layout_roguey, gauntlet_entry_generic, nicolae_sextant, minivault_7
D:13:     layout_basic, grunt_vaults_entry_tiered, serial_shops, shop
D:14:     layout_basic, ebering_dispersal_statue_hall
D:15:     gammafunk_depths_entry_grave, layout_irregular_city,
          serial_bayou_pond_d
Lair:1:   gammafunk_boulding_lane, layout_misc_corridors, minivault_24,
          serial_bayou_ford_a, st_stairs_9, uniq_sonja
Lair:2:   layout_regular_city, dummy_snake_entry, guppyfry_lair_drakes,
          lemuel_fruit_tree, grunt_megastairs_2, uniq_gastronok
Lair:3:   layout_gridlike, minmay_swamp_entry_worms
Lair:4:   layout_gridlike
Lair:5:   hellmonk_lair_end_abyssal_woods, layout_misc_corridors,
          minmay_slime_entry_pillars, infiniplex_staircase_pool_2,
          grunt_megastairs_1, uniq_rupert
Swamp:1:  layout_falls_marsh, evilmike_swamp_ruin_rubble_2, swamp_pool1,
          nicolae_swamp_very_dense_foliage, infiniplex_staircase_pool,
          uniq_roxanne
Swamp:2:  layout_falls_marsh, gammafunk_ghost_mausoleum, hangedman_swamp_pad,
          swamp_pool4
Swamp:3:  layout_falls_marsh, hangedman_swamp_ruin_hall, swamp_pool2,
          hangedman_swamp_blocks
Swamp:4:  grunt_swamp_rune_castle, layout_basic_swamp, uniq_nikola
Snake:1:  layout_rooms, minmay_shop_star
Snake:2:  layout_grid_maze, grunt_ministairs_11
Snake:3:  layout_cave_town
Snake:4:  grunt_snake_rune_spirals, layout_onion, uniq_vashnia, uniq_bai_suzhen
Orc:1:    layout_diamond_mine, serial_shops, shop,
          nicolae_shop_pleasant_corner_grove, shop, nicolae_square_shop,
          nicolae_shop_hallway_plus, uniq_erolcha
Orc:2:    grunt_orc_cross, layout_caves, basic_altar
Elf:1:    elf_arrival_001, layout_loops_corners, minmay_elf_annihilation,
          nicolae_elf_big_sculpture_3, corexii_checkpoint_b, minmay_shop_grove
Elf:2:    elven_hall_of_blades_hangedman_alternative
          [nicolae_blade_entry_hurt_lockers], layout_gridlike, special_room
          [special_room_orc]
Elf:3:    elf_hall, layout_geoelf_grid
Depths:1: layout_honeycomb, hell_entry, abyss_entry, grunt_ministairs_14,
          minivault_10, hangedman_decor_clover_reticule, nicolae_shop_fire_sale
          [nicolae_sub_dead_trees], nicolae_take_the_stairs,
          nicolae_ashenzari_skybound
Abyss:5:  base: Temple, hangedman_summoners_spam,
          hangedman_abyss_rune_macabre_mess, evilmike_abyss_exit_4, base: Elf:2,
          minivault_13, hangedman_grunt_abyss_rune_horror_hoard, minivault_19,
          hangedman_abyss_or_decor_stagger, minivault_24,
          grunt_abyss_rune_wretched_hive, hangedman_decor_lopped,
          doesnt_abyss_rune_brain_food

Skill      XL: |  1  2  3  4  5  6  7  8  9 10 11 12 13 14 15 16 17 18 19 20 |
---------------+-------------------------------------------------------------+-----
Stealth        | 6 7 8 9 10 11 12 13 14 15 | 15.5
Invocations    | 1 2 3 4 5 6 7 8 9 10 11 12 13 14 15 | 15.7
Short Blades   | 1 2 3 5 7 8 9 10 11 12 13 14 | 14.5
Long Blades    | 1 2 3 5 7 8 9 10 11 12 13 14 | 14.5
Axes           | 1 2 3 5 7 8 9 10 11 12 13 14 | 14.5
Maces & Flails | 1 2 3 5 7 8 9 10 11 12 13 14 | 14.5
Polearms       | 1 2 3 5 7 8 9 10 11 12 13 14 | 14.5
Staves         | 1 2 3 5 7 8 9 10 11 12 13 14 | 14.5
Ranged Weapons | 1 2 3 5 7 8 9 10 11 12 13 14 | 14.5
Shields        | 1 2 3 5 7 8 9 10 11 12 13 14 | 14.5
Unarmed Combat | 1 2 3 5 7 8 9 10 11 12 13 14 | 14.5
Evocations     | 1 2 3 5 7 8 9 10 11 12 13 14 | 14.5
Spellcasting   | 3 4 5 6 7 8 9 10 11 12 13 14 | 14.7
Conjurations   | 1 2 3 4 5 6 7 8 9 10 11 12 | 12.3
Hexes          | 1 2 3 4 5 6 7 8 9 10 11 12 | 12.3
Summonings     | 1 2 3 4 5 6 7 8 9 10 11 12 | 12.3
Necromancy     | 1 2 3 4 5 6 7 8 9 10 11 12 | 12.3
Translocations | 1 2 3 4 5 6 7 8 9 10 11 12 | 12.3
Transmutations | 1 2 3 4 5 6 7 8 9 10 11 12 | 12.3
Fire Magic     | 1 2 3 4 5 6 7 8 9 10 11 12 | 12.3
Ice Magic      | 1 2 3 4 5 6 7 8 9 10 11 12 | 12.3
Earth Magic    | 1 2 3 4 5 6 7 8 9 10 11 12 | 12.3
Poison Magic   | 1 2 3 4 5 6 7 8 9 10 11 12 | 12.3
Shapeshifting  | 1 2 3 4 5 6 7 8 9 10 11 12 | 12.3
Fighting       | 3 4 5 6 7 8 9 10 11 12 13 14 | 14.7
Throwing       | 3 4 5 6 7 8 9 10 11 12 13 14 | 14.7
Armour         | 3 4 5 6 7 8 9 10 11 12 13 14 | 14.7
Dodging        | 3 4 5 6 7 8 9 10 11 12 13 14 | 14.7
Air Magic      | 4 5 6 7 8 9 10 11 12 | 12.9

Action                     |  1- 3 |  4- 6 |  7- 9 | 10-12 | 13-15 | 16-18 | 19-21 || total
---------------------------+-------+-------+-------+-------+-------+-------+-------++-------
  Melee: Dagger            |    32 |       |       |       |       |       |       ||    32
         Bite              |     2 |    10 |    27 |    77 |   228 |   165 |   139 ||   648
         Spear             |    37 |   159 |   274 |   531 |  1236 |   980 |   725 ||  3942
         Punch             |       |     3 |    12 |    22 |    94 |    20 |       ||   151
         Scimitar          |       |       |       |       |     2 |       |       ||     2
   Cast: Poisonous Vapours |    19 |    75 |    73 |    23 |    11 |       |       ||   201
         Foxfire           |       |       |   192 |   200 |    78 |    20 |     3 ||   493
         Olgreb's Toxic Ra |       |       |       |    64 |   112 |    17 |    40 ||   233
         Freezing Cloud    |       |       |       |       |    61 |   247 |   160 ||   468
         Sticky Flame      |       |       |       |       |    73 |    42 |    75 ||   190
         Blink             |       |       |       |       |     3 |     1 |     1 ||     5
         Leda's Unmaking   |       |       |       |       |       |     4 |    77 ||    81
         Orb of Destructio |       |       |       |       |       |     1 |     4 ||     5
         Mephitic Cloud    |       |       |       |       |       |       |     2 ||     2
         Ozocubu's Refrige |       |       |       |       |       |       |     1 ||     1
  Evoke: Wand              |       |       |       |    20 |    12 |     5 |     3 ||    40
         Phial of floods   |       |       |       |     2 |       |       |     1 ||     3
         Piece from Xom's  |       |       |       |       |     3 |       |       ||     3
    Use: Potion            |       |       |     4 |       |     2 |     6 |     9 ||    21
         Scroll            |       |       |     8 |     1 |    14 |    10 |    13 ||    46
   Stab: Sleeping          |     1 |       |     2 |     3 |     8 |    11 |     7 ||    32
         Distracted        |       |       |       |       |     2 |     1 |     4 ||     7
 Armour: Robe              |    14 |    26 |    91 |   147 |    73 |       |       ||   351
         Acid dragon scale |       |       |       |       |   268 |   152 |   142 ||   562
  Dodge: Dodged            |    40 |    58 |   221 |   314 |   650 |   233 |   264 ||  1780
  Block: Other             |       |       |       |    54 |   199 |    19 |       ||   272
         Reflection        |       |       |       |     3 |     2 |    90 |    31 ||   126
         Kite shield       |       |       |       |       |       |   464 |   481 ||   945

Table legend: (Time is in decaauts)
 A = Elapsed time spent in this place.
 B = Non-inter-level travel time spent in this place.
 C = Inter-level travel time spent in this place.
 D = Time resting spent in this place.
 E = Time spent auto-exploring this place.
 F = Levels seen in this place.
 G = Mean time per level.
                   A        B        C        D        E       F      G
               +--------+--------+--------+--------+--------+-----+--------+
         Total |  61304 |  57510 |   3794 |  13520 |  32044 |  40 | 1532.6 |
       Dungeon |  23783 |  22138 |   1645 |   1605 |  15952 |  15 | 1585.5 |
          Lair |   9997 |   9138 |    859 |   1131 |   6064 |   5 | 1999.4 |
         Swamp |   5450 |   5258 |    192 |   2697 |   1495 |   4 | 1362.5 |
     Snake Pit |   8464 |   8203 |    261 |   3356 |   3318 |   4 | 2116.0 |
  Orcish Mines |   3558 |   3321 |    237 |    913 |   1578 |   2 | 1779.0 |
   Elven Halls |   7622 |   7025 |    597 |   2661 |   3284 |   3 | 2540.7 |
        Depths |    390 |    390 |      0 |    199 |    119 |   1 |  390.0 |
         Abyss |   1273 |   1273 |      0 |    693 |     76 |   5 |  254.6 |
      Gauntlet |    764 |    764 |      0 |    264 |    157 |   1 |  764.0 |
               +--------+--------+--------+--------+--------+-----+--------+

Top non-repeatable levels by time:
   Elf:2: 3593 daAuts
 Snake:4: 3285 daAuts
    D:10: 3014 daAuts
  Lair:5: 2666 daAuts
   Elf:3: 2653 daAuts
    D:13: 2221 daAuts
 Swamp:3: 2211 daAuts
  Lair:4: 2138 daAuts
 Snake:3: 2125 daAuts
    D:11: 2110 daAuts
  Lair:2: 2089 daAuts
 Snake:2: 2032 daAuts
   Orc:1: 1861 daAuts
  Lair:1: 1844 daAuts
     D:7: 1811 daAuts
